 Dungeon Crawl Stone Soup version 0.25.1-1-g288607f5aa (webtiles) character file.

Game seed: 11287824095213890236

112 Delamore the Cudgeler (level 4, 0/28 HPs)
             Began as a Gargoyle Fighter on July 26, 2020.
             Slain by a gnoll
             ... wielding a +0 halberd
              (8 damage)
             ... on level 3 of the Dungeon.
             The game lasted 00:01:47 (2255 turns).

Delamore the Cudgeler (Gargoyle Fighter)            Turns: 2255, Time: 00:01:47

Health: 0/28       AC: 18    Str: 20    XL:     4   Next: 93%
Magic:  4/4        EV:  3    Int:  9    God:
Gold:   115        SH:  9    Dex:  9    Spells: 3/3 levels left

rFire    . . .     SeeInvis .   a - +0 flail
rCold    . . .     Gourm    .   c - +0 kite shield
rNeg     + . .     Faith    .   j - +0 plate armour
rPois    ∞         Spirit   .   q - +1 helmet
rElec    +         Reflect  .   (no cloak)
rCorr    .         Harm     .   (no gloves)
MR       .....                  k - +0 pair of boots
Stlth    ..........             (no amulet)
HPRegen  0.09/turn              (no ring)
MPRegen  0.09/turn              (no ring)

@: no status effects
A: negative energy resistance 1, electricity resistance, unbreathing,
petrification resistance, rot immunity, AC +3
a: no special abilities


You were on level 3 of the Dungeon.
You were not hungry.

You visited 1 branch of the dungeon, and saw 3 of its levels.

You collected 115 gold pieces.

Inventory:

Hand Weapons
 a - a +0 flail (weapon)
Missiles
 p - 6 javelins (quivered)
Armour
 b - a +0 scale mail
 c - a +0 kite shield (worn)
 j - a +0 plate armour (worn)
 k - a +0 pair of boots (worn)
 q - a +1 helmet (worn)
Jewellery
 h - an uncursed ring of poison resistance {unknown}
Scrolls
 l - a scroll of teleportation {unknown}
 m - 2 scrolls of identify {unknown}
Potions
 d - a potion of might
 e - a potion of heal wounds {unknown}
 g - a potion of berserk rage {unknown}
 i - 2 potions of curing
 n - a potion of resistance {unknown}
 o - 2 potions of brilliance {unknown}
 r - a potion of cancellation {unknown}
 t - a potion of stabbing {unknown}
Comestibles
 f - 4 rations
 s - 5 chunks of flesh


   Skills:
 - Level 3.2 Fighting
 + Level 4.9 Maces & Flails
 - Level 3.2 Armour
 - Level 3.2 Shields


You had 3 spell levels left.
You didn't know any spells.
Your spell library was empty.

Dungeon Overview and Level Annotations

Branches:
Dungeon (3/15)

Altars:


Innate Abilities, Weirdness & Mutations

You are resistant to torment.
Your stone body is resilient. (AC +3)
You are immune to poison.
You resist negative energy. (rN+)
You are resistant to electric shocks. (rElec)
You can survive without breathing.
You are immune to petrification.
You are immune to rotting.


Message History

The gnoll barely misses you. You block the gnoll's attack.
Your shield and plate armour prevent you from hitting the gnoll.
The gnoll is almost dead.
The gnoll hits you but does no damage. x2
You hit the gnoll.
You kill the gnoll!
The gnoll completely misses you.
You sock the gnoll!
You kill the gnoll!
The gnoll hits you from afar with a +0 halberd.
* * * LOW HITPOINT WARNING * * *
You swing at nothing.
The gnoll hits you but does no damage.
You sock the dart slug!
You kill the dart slug!
The gnoll hits you but does no damage.
Items here: ) ? †† a scroll labeled RELOONT ONERRO; a +0 club; a dart slug corpse; a gnoll corpse You closely miss the gnoll.
You block the gnoll's attack. The gnoll hits you with a +0 halberd!
You die...

##############
#............#
#.##########.#
#)# ##.#####
#.# #.......
#######@#
#.......
......g.#
#.......
........#
#.......
......).#
##.#####
........# #.#
........#
######.#####
.........
........÷..>.
.........
#######.....#
.........
###......


You could see a gnoll.

Vanquished Creatures
  3 gnolls (D:3)
  3 adders
  A worm (D:2)
  A dart slug (D:3)
  5 bats
  3 giant cockroaches
  5 goblins
  7 hobgoblins
  8 jackals
  3 kobolds (D:1)
  6 frilled lizards
  6 rats
51 creatures vanquished.

Notes
Turn   | Place    | Note
-------+----------+-------------------------------------------
     0 | D:1      | Delamore the Gargoyle Fighter began the quest for the Orb.
     0 | D:1      | Reached XP level 1. HP: 14/14 MP: 1/1
   207 | D:1      | Reached XP level 2. HP: 19/19 MP: 2/2
   433 | D:1      | Reached skill level 3 in Maces & Flails
   838 | D:1      | Reached XP level 3. HP: 21/23 MP: 3/3
  1145 | D:1      | Reached skill level 4 in Maces & Flails
  1494 | D:2      | Reached XP level 4. HP: 28/28 MP: 4/4
  2255 | D:3      | Slain by a gnoll

Illustrated notes

Levels and vault maps discovered:
D:1:      wander_arrival_fairy_ring, layout_basic, corexii_leaking_fountain
D:2:      layout_basic, first_ration
D:3:      layout_basic

Skill      XL: |  1  2  3 |
---------------+----------+-----
Maces & Flails | 3 4 |  4.9
Fighting       | |  3.2
Armour         | |  3.2
Shields        | |  3.2

Action                   |  1- 3 |  4- 6 || total
-------------------------+-------+-------++-------
Melee: Flail             |   195 |    83 ||   278
  Eat: Chunk             |     2 |     3 ||     5
Armor: Scale mail        |    34 |       ||    34
       Plate armour      |   220 |    60 ||   280
Dodge: Dodged            |    69 |    15 ||    84
Block: Kite shield       |   153 |    43 ||   196
